 Dungeon Crawl Stone Soup version 0.17-a0-1468-gbf503c2 (webtiles) character file.

118 pulse the Chopper (level 5, -4/43 HPs)
             Began as a Formicid Berserker on July 1, 2015.
             Was a Believer of Trog.
             Slain by an ogre
             ... wielding a +0 giant spiked club
              (24 damage)
             ... on level 4 of the Dungeon.
             The game lasted 00:04:49 (2767 turns).

pulse the Chopper (Formicid Berserker)              Turns: 2767, Time: 00:04:50

Health: -4/43      AC:  8    Str: 27    XL:     5   Next: 23%
Magic:  5/5        EV: 10    Int:  7    God:    Trog [**....]
Gold:   89         SH:  0    Dex: 10    Spells: 0 memorised, 4 levels left

rFire  . . .     SeeInvis +     a - +0 hand axe
rCold  . . .     Clarity  .     g - +0 scale mail
rNeg   . . .     SustAt   .     (no shield)
rPois  .         Gourm    .     (helmet unavailable)
rElec  .         Spirit   .     b - +1 cloak
rCorr  .         Warding  .     (no gloves)
rMut   .         Stasis   +     (no boots)
MR     .....                    (no amulet)
Stlth  ..........               (no ring)
                                (no ring)

@: mighty, not resistant to hostile enchantments, extremely unstealthy
A: permanent stasis, dig shafts and tunnels, four strong arms, antennae 3
a: Dig, Shaft Self, Burn Spellbooks, Trog's Hand, Renounce Religion


You were on level 4 of the Dungeon.
You worshipped Trog.
Trog was pleased with you.
You were not hungry.

You visited 1 branch of the dungeon, and saw 5 of its levels.

You collected 89 gold pieces.

Inventory:

Hand weapons
 a - a +0 hand axe (weapon)
Armour
 b - a +1 cloak (worn)
 g - a +0 scale mail (worn)
Scrolls
 m - a scroll of magic mapping {unknown}
Comestibles
 c - 5 bread rations
 l - 2 meat rations


   Skills:
 + Level 4.3 Fighting
 * Level 4.3 Axes
 + Level 3.1 Armour
 - Level 1.7 Dodging


You had 4 spell levels left.
You didn't know any spells.

Dungeon Overview and Level Annotations

Branches:
Dungeon (5/15)
 Temple: D:4-7

Altars:
Ashenzari
Kikubaaqudgha
Nemelex Xobeh
Okawaru
Trog
Xom
Yredelemnul

Annotations:
D:3 patman's ghost, average MiHu
D:4 Menkaure


Innate Abilities, Weirdness & Mutations

You are under a permanent stasis effect.
You can dig through walls and to a lower floor.
Your four strong arms can wield two-handed weapons with a shield.
You have a pair of large antennae on your head (SInv).


Message History

The ogre hits you with a giant spiked club!!
Ouch! That really hurt!
You slash the ogre!
The ogre is moderately wounded.
You barely miss the ogre.
The ogre is moderately wounded.
The ogre closely misses you.
You slash the ogre!
The ogre is heavily wounded.
The ogre barely misses you.
You barely miss the ogre.
The ogre is heavily wounded.
The ogre hits you but does no damage.
You slash the ogre!
The ogre is almost dead.
You barely miss the ogre.
The ogre is almost dead.
The ogre hits you with a giant spiked club!!
Ouch! That really hurt!
You die...

#.. #. ##
##. ..
##.. ##ยง
#.># #..
#..## #.#
....#
#O#######
#....
#@#.....#
##...
#...##..#
##.
#..####.#
## #>.#
#.# #.##
#.# #.#
#.# #.#
#.# ###
##.# ###
##..#


You could see an ogre.

Vanquished Creatures
  3 adders
  4 gnolls (D:2)
  2 giant geckos
  3 giant cockroaches
  5 hobgoblins
  4 jackals (D:2)
  7 kobolds
  A quokka (D:4)
  3 bats (D:2)
  2 giant newts (D:1)
  12 goblins
  8 rats
54 creatures vanquished.

Notes
Turn   | Place    | Note
--------------------------------------------------------------
     0 | D:1      | pulse the Formicid Berserker began the quest for the Orb.
     0 | D:1      | Reached XP level 1. HP: 18/18 MP: 1/1
    80 | D:1      | Reached XP level 2. HP: 8/24 MP: 2/2
   291 | D:1      | Found an iron altar of Okawaru.
   758 | D:2      | Reached XP level 3. HP: 27/30 MP: 3/3
   769 | D:2      | Found a basalt altar of Yredelemnul.
   791 | D:2      | Acquired Trog's second power
   791 | D:2      | Reached skill level 4 in Axes
   791 | D:2      | Reached XP level 4. HP: 6/37 MP: 4/4
  1175 | D:2      | Found an ancient bone altar of Kikubaaqudgha.
  1175 | D:2      | Found a bloodstained altar of Trog.
  1176 | D:2      | Found a shattered altar of Ashenzari.
  1599 | D:2      | Reached XP level 5. HP: 42/42 MP: 5/5
  2083 | D:3      | Found a shimmering altar of Xom.
  2084 | D:3      | Found a shimmering altar of Xom.
  2086 | D:3      | Found a shimmering altar of Xom.
  2086 | D:3      | Found a shimmering altar of Xom.
  2087 | D:3      | Found a shimmering altar of Xom.
  2087 | D:3      | Found a shimmering altar of Xom.
  2135 | D:3      | Noticed patman's ghost (average MiHu)
  2156 | D:3      | You fall through a shaft for 2 floors!
  2156 | D:5      | Entered Level 5 of the Dungeon
  2156 | D:5      | Found a sparkling altar of Nemelex Xobeh.
  2389 | D:4      | Noticed an ogre
  2392 | D:4      | Noticed Menkaure
  2767 | D:4      | Slain by an ogre

Vault maps used:
D:1:      dpeg_arrival_refuge, grunt_decor_clamped, kennysheep_crisscross,
          okawaru_ov_weapons_minmay
D:2:      old_standard_altar, gammafunk_temple_overflow_claw, corexii_shack
D:3:      xom_redecorated, first_bread, led_sif_book
D:4:      grunt_dithmenos_smoke, uniq_blork_the_orc, uniq_menkaure, uniq_pikel
D:5:      lemuel_crystal_altar, kennysheep_mini, lemuel_crystal_altar,
          overflow_temple_1_default, elyvilon_altar_3

Action                   |  1- 3 |  4- 6 || total
-------------------------+-------+-------++-------
Melee: Hand axe          |    74 |   151 ||   225
 Abil: Shaft Self        |       |     1 ||     1
  Use: Scroll            |       |     6 ||     6
       Potion            |       |     5 ||     5
  Eat: Chunk             |       |     3 ||     3
       Meat ration       |       |     1 ||     1
       Pizza             |       |     1 ||     1
